Map: 光影交错-天梯版

Players

iGMacSed (MacSed)

  • Race: Protoss Protoss
  • League: Grandmaster

TIME (Oliveira) - Winner!

  • Race: Terran Terran
  • League: Grandmaster

Event: DreamHack SC2 Masters 2021 Fall

VOD

Have the link to the VOD?

Description

Time

  • Played on: Aug. 6, 2021, 7:28 a.m.
  • Length: 7:58

All games in this series

Show
View Real Time Build Order
Export as new Build Order

iGMacSed Protoss 

Build Orders: 1 Gate Expand, Blink Stalkers 

Get SALT Encoding   

  12  0:00  Probe  
  13  0:12  Probe  
  14  0:17  Pylon  
  14  0:24  Probe (Chrono Boost)  
  15  0:36  Gateway, Probe (Chrono Boost)  
  16  0:44  Probe (Chrono Boost)  
  16  0:46  Assimilator  
  17  0:50  Probe  
  18  1:03  Probe  
  19  1:15  Probe  
  20  1:24  Cybernetics Core  
  20  1:32  Nexus  
  20  1:38  Pylon  
  20  1:41  Probe  
  21  1:47  Assimilator  
  21  1:53  Probe  
  22  1:59  Adept (Chrono Boost)  
  22  2:03  Warp Gate  
  22  2:05  Probe  
  25  2:17  Probe (Chrono Boost)  
  26  2:23  Twilight Council  
  26  2:29  Probe (Chrono Boost)  
  27  2:31  Stalker  
  27  2:36  Probe (Chrono Boost)  
  30  2:44  Probe (Chrono Boost)  
  30  2:47  Gateway, Probe (Chrono Boost)  
  32  2:55  Probe (Chrono Boost)  
  34  2:59  Probe (Chrono Boost)  
  34  3:00  Probe (Chrono Boost)  
  34  3:03  Blink (Chrono Boost)  
  35  3:08  Probe  
  36  3:15  Probe  
  37  3:20  Robotics Facility, Probe  
  38  3:27  Probe  
  38  3:31  Gateway  
  38  3:33  Probe  
  40  3:36  Gateway  
  40  3:39  Probe  
  41  3:45  Pylon, Probe  
  42  3:51  Probe  
  42  3:53  Stalker  
  45  3:58  Probe  
  46  4:03  Pylon, Stalker, Probe  
  46  4:07  Pylon  
  46  4:08  Observer  
  50  4:10  Probe  
  50  4:14  Pylon  
  48  4:27  Stalker x3  
  50  4:35  Probe (Chrono Boost)  
  50  4:38  Probe (Chrono Boost)  
  51  4:45  Probe (Chrono Boost)  
  52  4:48  Probe (Chrono Boost)  
  52  4:50  Probe (Chrono Boost)  
  54  4:53  Nexus  
  54  4:54  Pylon  
  54  4:58  Probe  
  55  5:01  Probe  
  55  5:04  Assimilator  
  55  5:05  Observer  
  57  5:10  Assimilator, Probe  
  57  5:13  Probe  
  59  5:20  Observer  
  59  5:22  Probe  
  59  5:23  Pylon  
  59  5:25  Probe, Robotics Bay  
  61  5:34  Probe  
  62  5:37  Probe  
  62  5:38  Charge (Chrono Boost)  
  63  5:46  Probe  
  63  5:49  Probe  
  65  5:50  Pylon  
  65  5:58  Probe  
  65  6:01  Probe  
  67  6:05  Probe  
  67  6:08  Colossus (Chrono Boost)  
  67  6:10  Probe  
  67  6:11  Gateway  
  69  6:12  Gateway, Extended Thermal Lance  
  69  6:16  Gateway  
  75  6:18  Gateway  
  75  6:19  Shield Battery  
  75  6:25  Sentry x2  
  79  6:30  Sentry, Zealot  
  83  6:39  Probe  
  84  6:42  Probe  
  84  6:43  Probe  
  84  6:45  Pylon  
  86  6:48  Stalker x2  
  94  7:05  Stalker  
  94  7:08  Zealot x3  
  90  7:12  Zealot x3  
  95  7:20  Pylon x2  
  81  7:32  Stalker x4  
  81  7:40  Zealot  
Show
View Real Time Build Order
Export as new Build Order

TIME Terran - Winner!

Build Orders:  

Get SALT Encoding   

  12  0:00  SCV  
  13  0:12  SCV  
  14  0:17  Supply Depot  
  14  0:24  SCV  
  15  0:39  SCV  
  15  0:40  Barracks  
  16  0:43  Refinery  
  16  0:51  SCV  
  17  1:03  SCV  
  18  1:15  SCV  
  19  1:27  Marine  
  19  1:28  Orbital Command  
  20  1:42  Command Center  
  20  1:55  SCV  
  20  1:56  Factory  
  21  2:03  Barracks Reactor  
  21  2:07  SCV  
  22  2:12  Supply Depot  
  22  2:15  Bunker  
  22  2:19  SCV  
  23  2:33  SCV  
  24  2:41  Starport  
  24  2:47  SCV, Hellion x2  
  29  2:53  Refinery  
  29  2:55  Orbital Command  
  29  2:59  SCV  
  30  3:08  Hellion x2  
  30  3:12  SCV  
  35  3:17  Medivac  
  37  3:21  SCV  
  37  3:22  Supply Depot  
  37  3:24  SCV  
  39  3:33  Marine x2  
  41  3:34  SCV  
  41  3:36  SCV  
  41  3:37  Factory Tech Lab  
  41  3:40  Barracks  
  43  3:46  SCV  
  44  3:48  SCV  
  44  3:51  Barracks, Starport Tech Lab  
  45  3:57  Siege Tank  
  45  4:00  Supply Depot  
  48  4:03  SCV x2  
  48  4:06  Marine  
  48  4:07  Marine  
  52  4:13  Engineering Bay  
  52  4:15  SCV  
  52  4:17  SCV  
  50  4:25  Marine  
  50  4:27  SCV  
  50  4:29  SCV  
  51  4:31  Siege Tank  
  51  4:33  Barracks Tech Lab  
  51  4:34  Marine  
  51  4:36  Refinery  
  53  4:39  SCV  
  53  4:41  SCV  
  53  4:44  Supply Depot  
  53  4:45  Marine  
  56  4:47  Marine, Stimpack  
  56  4:50  Supply Depot  
  56  4:51  Refinery  
  57  4:53  Marine, Terran Infantry Weapons Level 1  
  57  4:56  SCV  
  57  4:57  SCV  
  57  4:59  Marine  
  61  5:03  Marine  
  61  5:05  Marine  
  63  5:08  Combat Shield  
  63  5:10  SCV x2  
  63  5:11  Marine  
  63  5:13  Supply Depot  
  66  5:15  Starport Reactor  
  66  5:16  Marine  
  66  5:21  Marine  
  68  5:22  SCV  
  68  5:23  Marine, SCV  
  68  5:27  Siege Tank  
  74  5:29  Marine  
  74  5:34  SCV  
  74  5:35  Marauder  
  76  5:38  Marine  
  76  5:41  Marauder  
  78  5:46  Supply Depot  
  78  5:47  Marine, Supply Depot  
  79  5:52  Medivac x2  
  79  5:56  Marine  
  84  5:58  Marauder  
  85  6:05  Marine  
  85  6:08  Marauder  
  88  6:14  Siege Tank  
  88  6:15  Marine  
  92  6:19  Marauder  
  92  6:22  Supply Depot  
  94  6:29  Marauder  
  94  6:30  SCV x2  
  94  6:32  Supply Depot  
  98  6:33  Command Center  
  98  6:39  Marine, Concussive Shells  
  99  6:40  Marine  
  99  6:41  Marauder  
  99  6:44  SCV  
  103  6:48  Siege Tank  
  105  6:56  Barracks  
  105  6:57  Barracks  
  99  7:03  SCV  
  99  7:04  Marine x2  
  99  7:05  SCV, Marauder  
  97  7:11  Marine  
  97  7:15  SCV  
  94  7:16  Medivac  
  94  7:19  SCV  
  94  7:22  Marine  
  98  7:26  Marauder  
  98  7:29  Marine, Marauder  
  93  7:33  SCV x2  

Tags
 
Add a new tag
Caveats
  • Supply blocks, unpowered buildings, or Contaminate may cause inaccurate times.
  • Supply counts are checked every 10 seconds.